 Dungeon Crawl Stone Soup version 0.15-a0-1004-gbf4e2e6 (console) character file.

7529 constrict8 the Martial Artist (level 11, -4/72 HPs)
             Began as an Octopode Monk on May 25, 2014.
             Was a High Priest of Cheibriados.
             Slain by a crocodile (7 damage)
             ... on Level 1 of the Lair of Beasts.
             The game lasted 00:44:10 (5669 turns).

constrict8 the Martial Artist (Octopode Monk)       Turns: 5669, Time: 00:44:10

HP  -4/72        AC  4     Str 27      XL: 11   Next: 16%
MP  30/30        EV 20     Int 25      God: Cheibriados [*****.]
Gold 953         SH 27     Dex 28      Spells:  0 memorised, 10 levels left

rFire  . . .     SeeInvis .       - Unarmed
rCold  . . .     Clarity  .     z - +0 shield
rNeg   + . .     Conserve .     a - +2 hat
rPois  .         rCorr    .     U - amulet of warding
rElec  .         rRot     .     c - ring of magical power
SustAb .         Spirit   .     x - +1 ring of protection
rMut   .         Warding  +     (no ring)
Gourm  .         Stasis   .     (no ring)
MR     .....                    (no ring)
                                (no ring)
                                (no ring)
                                (no ring)

@: very slow, not resistant to hostile enchantments, stealthy
A: almost no armour, amphibious, 8 rings, constrict 8, camouflage 1, gelatinous
body 1
a: Bend Time, Temporal Distortion, Slouch, Step From Time, Renounce Religion


You were on level 1 of the Lair of Beasts.
You worshipped Cheibriados.
Cheibriados was extremely pleased with you.
You were hungry.

You visited 3 branches of the dungeon, and saw 15 of its levels.
You also visited: Sewer and Bailey.

You collected 953 gold pieces.

Inventory:

Hand weapons
 j - a +2 blowgun
Missiles
 k - 6 poisoned needles
Armour
 a - a +2 hat (worn)
 z - a +0 shield (worn)
 L - a +2 large shield
Magical devices
 B - a wand of disintegration (7)
 I - a wand of frost (5)
 J - a wand of fire (5)
 T - a wand of cold (4)
Comestibles
 g - a chunk of komodo dragon flesh
 w - a beef jerky
 H - a cheese
 P - a pear
 R - 2 chokos
Scrolls
 d - 8 scrolls of remove curse
 e - 2 scrolls of fog {unknown}
 m - 3 scrolls of enchant weapon I {unknown}
 o - 2 scrolls of recharging {unknown}
 p - 2 scrolls of magic mapping {unknown}
 q - a scroll of enchant weapon III {unknown}
 r - 5 scrolls of teleportation {unknown}
 s - 3 scrolls of blinking {unknown}
 u - 2 scrolls of noise {unknown}
 y - 2 scrolls of enchant armour {unknown}
 E - a scroll of immolation {unknown}
 K - a scroll of random uselessness {unknown}
 M - a scroll of fear {unknown}
 N - a scroll of holy word {unknown}
Jewellery
 c - a ring of magical power (left tentacle)
 x - a +1 ring of protection (right tentacle)
 U - an amulet of warding (around mantle)
Potions
 f - 3 potions of agility
 h - 8 potions of heal wounds
 i - 5 potions of curing {unknown}
 l - a potion of might
 n - 2 potions of brilliance
 D - a potion of magic {unknown}
 Q - a potion of porridge
 V - a potion of paralysis {unknown}
Magical staves
 t - an uncursed staff of wizardry
 F - an uncursed staff of death
Miscellaneous
 b - a lantern of shadows


   Skills:
 - Level 6.1 Fighting
 * Level 7.9 Dodging
 - Level 2.6 Stealth
 + Level 8.1 Shields
 + Level 10.7 Unarmed Combat
 + Level 6.9 Invocations


You had 10 spell levels left.
You didn't know any spells.

Dungeon Overview and Level Annotations

Branches:
Dungeon (12/15)            Temple (1/1) D:4             Orc (0/4) D:11
   Lair (2/8) D:11

Altars:
Ashenzari
Cheibriados
Elyvilon
Fedhas
Gozag
Nemelex Xobeh
Okawaru
Qazlal
Sif Muna
Trog
Vehumet
Xom
Yredelemnul
Zin
The Shining One


Innate Abilities, Weirdness & Mutations

You cannot wear most types of armour.
You are amphibious.
You can wear up to eight rings at the same time.
You can use your tentacles to constrict many enemies at once.
Your skin changes colour to match your surroundings (Stealth).
Your rubbery body absorbs attacks (AC +1).


Message History

Wield which item (- for none, * to show all)? (? for menu, Esc to quit)
You are now empty-tentacled.
You tentacle-slap the crocodile. Your squeeze misses the crocodile.
The crocodile is lightly wounded.
You block the crocodile's attack.
You barely miss the crocodile. You squeeze the crocodile.
The crocodile is lightly wounded.
The crocodile completely misses you.
You barely miss the crocodile. You squeeze the crocodile!
The crocodile is moderately wounded.
The crocodile closely misses you.
You bludgeon the crocodile! Your squeeze misses the crocodile.
The crocodile is heavily wounded.
The crocodile bites you!!
* * * LOW HITPOINT WARNING * * *
You closely miss the crocodile.
Your tentacle-slap misses the crocodile.
The crocodile is severely wounded.
The crocodile bites you!
You die...

.... #.##........ .... .
##........... .# ...
#...........#
...r.#######......#.#.#
..rr#...##...#.#......
#..r........#..#.#.#.#
.######..........##..... ..
?.....###%#..%....###.#.# ...
........@##.P#....##..... ..
........t#####%##.###.#.# .##
.....$....##.#..#/.##...%. ...
#.......(##...#.##.###.#.# ..#
#......(......#.##.##....% ..##
###...#.........#.##.###.#.#
...###...#.....##......##.##...##
.#...#....# ...####..#..........#
.#........# #.###...P.....#...##


You could see a crocodile.

Vanquished Creatures
  An unseen horror (D:10)
  An orc knight (Bailey)
  A komodo dragon (Lair:1)
  Prince Ribbit (D:7)
  2 two-headed ogres
  A deep elf mage (D:6)
  A basilisk (Lair:1)
  A wyvern (D:8)
  2 yaks (D:11)
  A hippogriff (D:7)
  A wraith (D:11)
  Edmund (D:4)
  Menkaure (D:6)
  A hungry ghost (D:11)
  A mottled dragon (D:11)
  4 ogres
  A phantom (D:7)
  2 water moccasins (Lair:1)
  2 porcupines (Lair:1)
  6 centaurs
  2 orc warriors (Bailey)
  2 big kobolds (Sewer)
  6 giant frogs
  A cyclops skeleton (D:11)
  A hippogriff zombie (D:7)
  A scorpion (D:7)
  3 jellies
  10 killer bees
  2 crimson imps
  A quasit (D:6)
  2 goliath beetles
  6 hounds
  2 centaur skeletons
  7 orc priests
  8 orc wizards
  3 iguanas
  3 worker ants
  Jessica (D:3)
  6 adders
  13 green rats
  4 gnolls (D:2)
  An inept item mimic (D:4)
  A shadow imp (D:9)
  3 worms
  2 giant mites (D:3)
  2 adder skeletons (D:9)
  6 giant geckos
  An ooze (D:1)
  30 orcs
  6 bats
  4 giant cockroaches
  10 hobgoblins
  9 jackals
  33 kobolds
  7 ball pythons
  A ball python zombie (D:5)
  3 giant newts
  9 goblins
  An orc skeleton (D:10)
  A quokka zombie (D:6)
  27 rats
273 creatures vanquished.

Notes
Turn   | Place    | Note
--------------------------------------------------------------
     0 | D:1      | constrict8, the Octopode Monk, began the quest for the Orb.
     0 | D:1      | Reached XP level 1. HP: 16/16 MP: 1/1
   130 | D:1      | Reached XP level 2. HP: 17/21 MP: 2/2
   372 | D:2      | Reached skill level 5 in Unarmed Combat
   372 | D:2      | Reached XP level 3. HP: 22/26 MP: 3/3
   543 | D:3      | Reached XP level 4. HP: 31/31 MP: 4/4
   574 | D:3      | Found a glowing drain.
   584 | Sewer    | Entered a sewer
   667 | Sewer    | Noticed a big kobold
   706 | Sewer    | Killed a big kobold
   706 | Sewer    | Reached skill level 6 in Unarmed Combat
   706 | Sewer    | Reached XP level 5. HP: 5/36 MP: 5/5
   883 | Sewer    | Reached XP level 6. HP: 19/42 MP: 6/6
   963 | Sewer    | Noticed a big kobold
   996 | Sewer    | Killed a big kobold
  1102 | D:3      | Found a radiant altar of Vehumet.
  1130 | D:3      | Noticed Jessica
  1135 | D:3      | Killed Jessica
  1220 | D:4      | Reached skill level 5 in Dodging
  1263 | D:4      | Reached XP level 7. HP: 29/46 MP: 7/7
  1500 | D:2      | Reached skill level 7 in Unarmed Combat
  1816 | D:4      | Found a staircase to the Ecumenical Temple.
  1818 | D:4      | Noticed Edmund
  1838 | D:4      | Killed Edmund
  1850 | Temple   | Entered the Ecumenical Temple
  1867 | Temple   | Became a worshipper of Cheibriados the Contemplative
  1916 | D:4      | Found a deep blue altar of Sif Muna.
  1936 | D:4      | Reached skill level 1 in Invocations
  2017 | D:5      | Entered Level 5 of the Dungeon
  2315 | D:5      | Reached XP level 8. HP: 52/52 MP: 10/10
  2623 | D:6      | Acquired Cheibriados' first power
  2632 | D:6      | Reached skill level 8 in Unarmed Combat
  2845 | D:6      | Noticed Menkaure
  2849 | D:6      | Killed Menkaure
  2931 | D:7      | Noticed Prince Ribbit
  2935 | D:7      | Killed Prince Ribbit
  2935 | D:7      | Reached XP level 9. HP: 50/60 MP: 16/16
  2951 | D:7      | Reached skill level 5 in Fighting
  3012 | D:7      | Acquired Cheibriados' second power
  3288 | D:8      | Found a shattered altar of Ashenzari.
  3293 | D:8      | Found an opulent altar of Gozag.
  3417 | D:8      | Reached skill level 1 in Shields
  3434 | D:8      | Found a stormy altar of Qazlal.
  3445 | D:8      | Reached skill level 9 in Unarmed Combat
  3670 | D:9      | Found a white marble altar of Elyvilon.
  3886 | D:9      | Found a shimmering altar of Xom.
  3920 | D:10     | Entered Level 10 of the Dungeon
  3943 | D:10     | Reached XP level 10. HP: 32/68 MP: 18/18
  4122 | D:10     | Killed an unseen horror
  4122 | D:10     | Acquired Cheibriados' third power
  4122 | D:10     | Reached skill level 5 in Shields
  4122 | D:10     | Reached skill level 5 in Invocations
  4513 | D:11     | Found a staircase to the Lair.
  4607 | D:11     | Reached skill level 10 in Unarmed Combat
  4712 | D:11     | Found a bloodstained altar of Trog.
  4722 | D:11     | Found a staircase to the Orcish Mines.
  4741 | D:11     | Found a flagged portal.
  4809 | Bailey   | Entered a bailey
  4870 | Bailey   | Noticed an orc knight
  4892 | Bailey   | Killed an orc knight
  4934 | Bailey   | Found an iron altar of Okawaru.
  5289 | D:11     | Reached XP level 11. HP: 16/72 MP: 21/21
  5330 | Lair:1   | Entered Level 1 of the Lair of Beasts
  5668 | Lair:1   | HP: 3/72 [crocodile (19)]
  5669 | Lair:1   | Slain by a crocodile

Action                   |  1- 3 |  4- 6 |  7- 9 | 10-12 || total
-------------------------+-------+-------+-------+-------++-------
Melee: Unarmed           |    43 |   123 |   239 |   170 ||   575
 Fire: Blowgun           |       |     4 |    54 |    17 ||    75
Throw: Throwing net      |       |     3 |     2 |     1 ||     6
Invok: Bend Time         |       |       |     2 |       ||     2
       Slouch            |       |       |       |     3 ||     3
Evoke: Wand              |       |       |     2 |    12 ||    14
  Use: Potion            |       |     1 |     3 |     1 ||     5
       Scroll            |       |       |    10 |     3 ||    13
 Stab: Sleeping          |     4 |     4 |    16 |    10 ||    34
       Held in net/web   |       |     1 |     1 |       ||     2
       Distracted        |       |       |       |     1 ||     1
